Map: Dusk Towers

Players

State - Winner!

  • Race: Protoss Protoss
  • League: Grandmaster

NightMare

  • Race: Protoss Protoss
  • League: Grandmaster

VOD

Have the link to the VOD?

Description

Time

  • Played on: Dec. 27, 2015, 11:49 p.m.
  • Length: 18:10
Show
View Real Time Build Order
Export as new Build Order

State Protoss - Winner!

Build Orders: Nexus First 

Get SALT Encoding   

  12  0:01  Probe (Chrono Boost)  
  13  0:12  Probe (Chrono Boost)  
  14  0:18  Pylon  
  14  0:23  Probe (Chrono Boost)  
  15  0:37  Probe (Chrono Boost)  
  16  0:47  Probe (Chrono Boost)  
  17  0:57  Nexus  
  17  1:07  Gateway  
  18  1:11  Probe (Chrono Boost)  
  18  1:15  Assimilator  
  18  1:21  Probe (Chrono Boost)  
  18  1:23  Assimilator  
  19  1:32  Probe (Chrono Boost)  
  20  1:36  Gateway  
  20  1:43  Probe (Chrono Boost)  
  21  1:53  Probe (Chrono Boost)  
  22  1:55  Cybernetics Core  
  22  2:04  Probe (Chrono Boost)  
  22  2:07  Pylon  
  23  2:11  Pylon  
  23  2:12  Probe (Chrono Boost)  
  23  2:14  Probe (Chrono Boost)  
  26  2:25  Probe (Chrono Boost)  
  26  2:31  Stalker (Chrono Boost)  
  26  2:32  Stalker (Chrono Boost)  
  31  2:41  Mothership Core, Pylon  
  31  2:46  Warp Gate (Chrono Boost)  
  31  2:55  Probe  
  26  2:58  Stalker (Chrono Boost)  
  34  3:02  Probe  
  34  3:05  Pylon  
  35  3:10  Stalker (Chrono Boost)  
  37  3:17  Probe x2  
  39  3:26  Sentry (Chrono Boost)  
  39  3:27  Gateway  
  41  3:29  Probe  
  41  3:31  Pylon  
  41  3:33  Probe  
  43  3:43  Stalker (Chrono Boost), Probe  
  47  3:58  Robotics Facility  
  47  4:01  Pylon  
  47  4:04  Stalker, Pylon  
  48  4:10  Stalker  
  48  4:15  Probe x2  
  54  4:27  Probe x2  
  56  4:33  Assimilator x2  
  56  4:39  Probe x2  
  56  4:46  Twilight Council  
  56  4:48  Forge  
  56  4:50  Observer  
  56  4:51  Probe x2 (Chrono Boost)  
  59  5:02  Probe x2 (Chrono Boost)  
  59  5:04  Pylon  
  61  5:13  Probe x2 (Chrono Boost), Blink (Chrono Boost)  
  63  5:17  Nexus  
  63  5:23  Probe (Chrono Boost), Protoss Ground Weapons Level 1  
  63  5:24  Probe (Chrono Boost)  
  65  5:32  Observer (Chrono Boost), Pylon  
  65  5:34  Probe (Chrono Boost)  
  67  5:39  Probe  
  68  5:47  Probe  
  68  5:51  Probe  
  68  5:54  Immortal (Chrono Boost), Pylon  
  73  5:59  Gateway x2  
  73  6:03  Probe  
  73  6:04  Probe  
  75  6:13  Gateway  
  75  6:15  Probe, Pylon  
  75  6:16  Probe  
  77  6:21  Gateway  
  77  6:27  Probe  
  77  6:28  Immortal (Chrono Boost)  
  77  6:29  Probe  
  83  6:37  Probe  
  83  6:39  Probe  
  85  6:41  Probe  
  86  6:50  Stalker x3  
  86  6:54  Gateway  
  92  6:55  Probe  
  92  6:56  Probe  
  92  6:57  Probe  
  95  7:02  Warp Prism (Chrono Boost)  
  95  7:05  Dark Shrine  
  95  7:07  Probe  
  98  7:09  Probe  
  98  7:10  Charge  
  98  7:14  Gateway  
  98  7:15  Gateway  
  99  7:18  Pylon, Protoss Ground Weapons Level 2  
  101  7:32  Stalker x3  
  101  7:35  Probe, Warp Prism (Chrono Boost)  
  108  7:42  Pylon  
  108  7:43  Probe, Assimilator  
  107  7:44  Probe  
  107  7:48  Assimilator  
  109  7:59  Stalker x2  
  109  8:02  Stalker x4  
  121  8:12  Probe  
  107  8:19  Dark Templar x2  
  112  8:21  Warp Prism (Chrono Boost)  
  112  8:23  Dark Templar x2  
  118  8:30  Nexus  
  118  8:33  Stalker x2  
  122  8:36  Probe x2  
  124  8:41  Probe  
  125  8:48  Probe  
  125  8:50  Probe  
  125  8:52  Stalker x3  
  133  8:58  Probe  
  120  9:10  Probe x2  
  120  9:12  Stalker x5  
  120  9:17  Zealot x6  
  120  9:22  Pylon x3  
  127  9:32  Zealot x2  
  127  9:33  Zealot  
  127  9:36  Immortal (Chrono Boost)  
  125  9:42  Stalker x5  
  131  9:49  Probe  
  131  9:50  Probe x2  
  116  10:08  Protoss Ground Weapons Level 3 (Chrono Boost)  
  116  10:09  Templar Archives  
  116  10:13  Immortal (Chrono Boost), Pylon  
  118  10:15  Dark Templar x4  
  124  10:25  Zealot x2  
  124  10:27  Sentry  
  124  10:28  Zealot x3  
  128  10:46  Zealot x2  
  128  10:48  Zealot x4  
  128  10:49  High Templar x2  
  148  10:50  Zealot  
  148  10:54  Archon  
  148  10:56  Warp Prism (Chrono Boost)  
  148  10:59  Photon Cannon  
  148  11:00  Photon Cannon  
  148  11:02  Photon Cannon, Assimilator  
  148  11:04  Photon Cannon x2  
  142  11:06  Assimilator  
  142  11:07  Photon Cannon  
  142  11:24  Immortal  
  130  11:27  Zealot x8  
  130  11:28  Zealot  
  128  11:56  High Templar x4  
  128  11:57  High Templar x4  
  128  11:58  Immortal, Zealot x2  
  142  12:09  Archon x3  
  142  12:10  Archon  
  142  12:13  Probe x2  
  136  12:19  Stalker x2  
  136  12:21  Pylon  
  136  12:22  Pylon  
  138  12:28  Stalker x3, Robotics Facility  
  138  12:29  Stalker x2  
  148  12:30  Zealot x2  
  148  12:31  Zealot  
  148  12:32  Immortal  
  144  12:56  Zealot x6  
  144  12:57  Zealot x2  
  138  13:05  Zealot x2  
  128  13:06  Immortal  
  128  13:18  Zealot  
  128  13:19  Zealot x4  
  138  13:20  Immortal, High Templar x3  
  138  13:24  Archon  
  142  13:30  Robotics Bay  
  142  13:31  High Templar  
  144  13:37  Nexus  
  144  13:42  Warp Prism  
  144  13:43  High Templar x2  
  144  13:44  High Templar x4  
  158  13:49  Archon  
  158  13:50  Archon x2  
  158  13:53  Stalker x3  
  158  13:54  Archon  
  164  14:02  Immortal  
  166  14:16  High Templar x2  
  170  14:17  Zealot x6  
  170  14:20  Gravitic Drive  
  174  14:38  Zealot x5  
  182  14:39  Zealot, High Templar x2  
  182  14:43  Archon  
  190  14:52  Zealot x2  
  166  15:06  Stalker x6, Archon  
  124  15:16  Zealot x4  
  122  15:32  Zealot x3  
  122  15:33  Zealot x3  
  128  15:39  Protoss Ground Armor Level 1 (Chrono Boost)  
  128  15:40  High Templar  
  128  15:41  Zealot, High Templar x2  
  128  15:45  Archon  
  128  15:52  Observer  
  128  15:53  High Templar  
  128  15:54  Observer  
  126  15:58  Observer Gravitic Boosters  
  126  16:01  Archon  
  126  16:07  Zealot x6  
  126  16:10  Immortal (Chrono Boost)  
  138  16:16  Immortal (Chrono Boost)  
  146  16:23  Assimilator x2  
  146  16:24  Nexus, Pylon x2  
  136  16:27  Assimilator  
  136  16:31  Assimilator  
  136  16:44  Stalker x4  
  136  16:45  Stalker x6  
  158  17:01  Warp Prism x2 (Chrono Boost)  
  160  17:10  Zealot x2, High Templar x4  
  160  17:11  Zealot x4  
  180  17:18  Archon  
  168  17:33  Disruptor x2 (Chrono Boost)  
  149  17:53  Photon Cannon  
  149  17:55  Zealot x6  
  149  17:56  Zealot x4  
  149  17:57  Photon Cannon  
  167  17:59  Archon  
  167  18:00  Stalker  
  167  18:01  Stalker x6  
Show
View Real Time Build Order
Export as new Build Order

NightMare Protoss 

Build Orders: Oracle Opening 

Get SALT Encoding   

  12  0:00  Probe (Chrono Boost)  
  13  0:11  Probe (Chrono Boost)  
  14  0:18  Pylon  
  14  0:22  Probe (Chrono Boost)  
  15  0:36  Probe (Chrono Boost)  
  15  0:38  Gateway  
  16  0:44  Assimilator  
  16  0:47  Probe (Chrono Boost)  
  17  0:54  Assimilator  
  17  0:57  Probe (Chrono Boost)  
  17  1:03  Gateway  
  18  1:08  Probe (Chrono Boost)  
  19  1:18  Probe (Chrono Boost)  
  19  1:24  Cybernetics Core  
  20  1:29  Probe (Chrono Boost)  
  21  1:38  Pylon  
  22  1:40  Probe (Chrono Boost)  
  22  1:50  Probe (Chrono Boost)  
  23  2:01  Stalker x2, Warp Gate (Chrono Boost)  
  27  2:25  Pylon  
  27  2:30  Stalker  
  27  2:31  Stalker  
  31  2:44  Stargate  
  31  2:46  Probe  
  32  3:09  Nexus  
  32  3:19  Probe (Chrono Boost)  
  33  3:28  Sentry  
  33  3:29  Oracle (Chrono Boost)  
  38  3:37  Pylon  
  38  3:42  Probe  
  39  3:50  Robotics Facility  
  40  3:55  Probe  
  40  4:03  Twilight Council  
  40  4:07  Probe (Chrono Boost)  
  41  4:19  Probe (Chrono Boost)  
  42  4:26  Pylon  
  42  4:29  Probe (Chrono Boost)  
  40  4:33  Probe (Chrono Boost)  
  41  4:40  Probe (Chrono Boost)  
  41  4:41  Blink (Chrono Boost)  
  41  4:42  Probe  
  43  4:47  Observer  
  43  4:51  Probe  
  45  4:53  Probe  
  46  5:01  Nexus  
  46  5:03  Probe x2  
  48  5:13  Immortal  
  52  5:15  Probe  
  52  5:17  Probe  
  54  5:29  Probe  
  54  5:34  Gateway x2  
  55  5:36  Gateway x2  
  55  5:39  Probe  
  55  5:42  Sentry  
  59  5:45  Mothership Core  
  60  5:50  Probe  
  60  5:52  Pylon  
  60  5:55  Pylon  
  61  5:58  Immortal  
  61  6:01  Probe  
  66  6:05  Assimilator  
  66  6:07  Probe, Assimilator  
  67  6:11  Probe  
  68  6:22  Probe (Chrono Boost)  
  68  6:23  Probe x2 (Chrono Boost)  
  71  6:34  Probe x2 (Chrono Boost)  
  71  6:35  Probe (Chrono Boost)  
  71  6:39  Immortal  
  78  6:43  Robotics Bay  
  78  6:45  Probe x3 (Chrono Boost)  
  81  6:48  Pylon  
  81  6:55  Probe x2 (Chrono Boost)  
  81  6:56  Probe (Chrono Boost)  
  81  6:59  Forge  
  81  7:00  Stalker x3  
  90  7:06  Probe x2 (Chrono Boost)  
  90  7:07  Probe (Chrono Boost)  
  93  7:11  Robotics Facility  
  93  7:16  Pylon  
  93  7:19  Probe x3 (Chrono Boost)  
  93  7:20  Pylon  
  96  7:30  Disruptor (Chrono Boost)  
  96  7:31  Probe x2 (Chrono Boost)  
  96  7:33  Probe  
  96  7:36  Protoss Ground Weapons Level 1  
  102  7:44  Probe x2, Assimilator  
  102  7:45  Probe, Pylon  
  102  7:48  Pylon, Assimilator  
  105  7:55  Stalker x2  
  105  7:56  Stalker x4  
  104  8:21  Photon Cannon  
  104  8:22  Stalker x2, Photon Cannon  
  104  8:23  Stalker x4  
  116  8:34  Photon Cannon  
  116  8:36  Pylon  
  114  8:42  Observer (Chrono Boost)  
  114  8:46  Observer (Chrono Boost)  
  108  9:01  Stalker x3  
  105  9:08  Stalker x3  
  113  9:10  Disruptor (Chrono Boost)  
  113  9:20  Probe  
  114  9:28  Observer (Chrono Boost), Photon Cannon  
  109  9:32  Probe  
  109  9:33  Stalker  
  109  9:34  Stalker, Zealot x3  
  109  9:35  Zealot  
  110  9:51  Disruptor (Chrono Boost)  
  111  9:53  Disruptor (Chrono Boost)  
  108  10:01  Stalker x5  
  108  10:03  Stalker  
  108  10:04  Probe  
  108  10:05  Probe x2  
  121  10:14  Probe  
  121  10:17  Probe x2  
  122  10:24  Forge  
  125  10:28  Nexus  
  125  10:30  Probe, Disruptor (Chrono Boost), Pylon  
  125  10:32  Pylon  
  125  10:34  Disruptor (Chrono Boost)  
  113  10:43  Probe  
  113  10:44  Probe x2  
  116  10:57  Stalker x3, Probe  
  115  10:58  Stalker  
  123  11:08  Disruptor (Chrono Boost)  
  129  11:12  Probe, Disruptor (Chrono Boost)  
  129  11:13  Probe  
  129  11:14  Probe  
  126  11:29  Stalker  
  126  11:30  Stalker x5  
  135  11:48  Warp Prism (Chrono Boost)  
  135  11:52  Disruptor (Chrono Boost)  
  138  11:56  Stalker x5  
  142  12:09  Stalker  
  144  12:18  Protoss Ground Weapons Level 2  
  144  12:19  Disruptor (Chrono Boost)  
  147  12:28  Disruptor (Chrono Boost)  
  150  12:34  Probe x2  
  150  12:35  Probe  
  150  12:36  Probe  
  154  12:43  Pylon  
  154  12:44  Pylon  
  154  12:47  Pylon  
  143  12:56  Stalker x6  
  133  13:03  Stalker x2  
  133  13:04  Stalker x4  
  133  13:05  Disruptor (Chrono Boost)  
  133  13:07  Warp Prism (Chrono Boost)  
  131  13:23  Probe  
  131  13:25  Probe x2, Pylon  
  134  13:27  Assimilator  
  134  13:28  Assimilator  
  134  13:30  Gateway  
  134  13:32  Gateway  
  134  13:36  Disruptor (Chrono Boost)  
  134  13:37  Templar Archives  
  137  13:42  Disruptor (Chrono Boost)  
  140  13:55  Stalker x6  
  152  14:07  Disruptor (Chrono Boost)  
  155  14:12  Gateway  
  155  14:15  Gateway  
  155  14:20  Protoss Ground Weapons Level 3  
  155  14:27  Disruptor (Chrono Boost)  
  155  14:29  Stalker x6  
  170  14:38  Disruptor (Chrono Boost)  
  173  14:41  Probe  
  173  14:42  Probe x2  
  156  14:57  Stalker x3  
  156  14:58  Stalker  
  127  15:13  Stalker x2, Zealot  
  127  15:14  Stalker  
  104  15:22  Stalker x3  
  95  15:30  Stalker  
  70  15:37  Stalker x3  
  70  15:42  Stalker  
  70  15:49  Stalker  
  68  16:02  High Templar x3  
  74  16:04  High Templar  
  74  16:09  Archon  
  74  16:10  Archon  
  74  16:11  Stalker x2  
  78  16:12  Stalker  
  82  16:40  Nexus  
  82  16:43  Probe x3  
  85  16:53  Dark Shrine  
  85  17:01  Probe x2  
  85  17:02  Probe  
  85  17:06  Disruptor (Chrono Boost)  
  90  17:13  Disruptor (Chrono Boost)  
  87  17:23  Stalker  
  87  17:25  Stalker  
  83  17:43  Stalker x4  
  80  17:50  Stalker  
  58  17:53  Stalker  
Tags
 
Add a new tag
Caveats
  • Supply blocks, unpowered buildings, or Contaminate may cause inaccurate times.
  • Supply counts are checked every 10 seconds.